 Dungeon Crawl Stone Soup version 0.30-a0-782-ge64f9170bb (console) character file.

Game seed: 13022730446050269174

19 utis the Shooter (level 2, 0/16 HPs)
             Began as a Tengu Wanderer on Mar 11, 2023.
             Slain by a gnoll
             ... wielding a +0 halberd
              (8 damage)
             ... on level 2 of the Dungeon.
             The game lasted 00:01:26 (756 turns).

utis the Shooter (Tengu Wanderer)                    Turns: 756, Time: 00:01:27

Health: 0/16       AC:  2    Str: 13    XL:     2   Next: 75%
Magic:  4/4        EV: 11    Int: 13    God:
Gold:   71         SH:  0    Dex: 11    Spells: 2/3 levels left

rFire   . . .      SeeInvis .    a - +0 shortbow
rCold   . . .      Faith    .    (shield currently unavailable)
rNeg    . . .      Spirit   .    e - +0 robe
rPois   .          Reflect  .    (helmet restricted)
rElec   .          Harm     .    (no cloak)
rCorr   .          Rampage  .    (no gloves)
Will    .....                    (boots unavailable)
Stlth   +                        (no amulet)
HPRegen 0.22/turn                (no ring)
MPRegen 0.09/turn                (no ring)

@: no status effects
A: beak, talons 3
a: no special abilities


You were on level 2 of the Dungeon.
You visited 1 branch of the dungeon, and saw 2 of its levels.

You collected 71 gold pieces.

Inventory:

Hand Weapons
 a - a +0 shortbow (weapon)
 c - a +0 dagger
 j - a +0 short sword
Missiles
 b - 12 poisoned darts (quivered)
 f - 5 boomerangs
 g - 13 stones
Armour
 e - a +0 robe (worn)
Scrolls
 d - a scroll of silence {!r}
 k - a scroll of teleportation {unknown}
Potions
 h - a potion of curing {unknown}
 i - a potion of flight {unknown}
 l - a potion of degeneration {unknown}


   Skills:
 + Level 0.6 Fighting
 * Level 5.7 Ranged Weapons
 + Level 1.2 Throwing
 + Level 1.3 Dodging
 + Level 1.2 Spellcasting
 + Level 2.8 Conjurations


You had 2 spell levels left.
You knew the following spells:

 Your Spells              Type           Power      Damage    Failure   Level
Y - Kiss of Death         Conj/Necr      16%        2d6       16%         1

Your spell library contained the following spells:

 Spells                   Type           Power      Damage    Failure   Level
 Dazzling Flash           Conj/Hex       8%         N/A       41%         3


Dungeon Overview and Level Annotations

Branches:
Dungeon (2/15)

Altars:


Innate Abilities, Weirdness & Mutations

You have a beak for a mouth.
You have claws for feet.


Message History

A hobgoblin is nearby!
A hobgoblin is nearby!
You shoot an arrow. The arrow hits the hobgoblin.
You kill the hobgoblin!
You now have 71 gold pieces (gained 12).
You see here a hobgoblin corpse.
You see here a hobgoblin skeleton.
Done exploring.
Done exploring.
Okay, then.
(D) Dungeon
Where to? (Enter - D:1 @ (x,y), ? - help)
There is a stone staircase leading down here.
You climb downwards.
Found a smoky clear potion.
Found a stone staircase leading down.
There is a stone staircase leading up here.
Okay, then.
A frilled lizard comes into view.
Found a leather armour.
You shoot an arrow. The arrow hits the frilled lizard.
You kill the frilled lizard!
l - a smoky clear potion A gnoll comes into view.
It is wielding a +0 halberd.
You shoot an arrow.
The arrow hits the gnoll but does no damage.
You hear an angry hiss.
You hear a shout!
A gnoll comes into view. It is wielding a +0 club.
You shoot an arrow. The arrow hits the gnoll.
The gnoll is moderately wounded.
There is a stone staircase leading up here.
You shoot an arrow. The arrow closely misses the gnoll.
The arrow hits the gnoll.
The gnoll is heavily wounded.
You shoot an arrow. The arrow closely misses the gnoll.
The gnoll hits you from afar with a +0 halberd!
Ouch! That really hurt!
* * * LOW HITPOINT WARNING * * *
A gnoll comes into view. It is wielding a +0 club.
The gnoll hits you from afar with a +0 halberd!
Ouch! That really hurt!
You die...

..g░........
..░........
.g░........
░.░........
░.░........
░░░░░.░..░+░░░░░
░.....g..░.░...
░......░....░.░
░░......>.gg.Q░
░░.........░.░
░░░░.░░░..░.░
░.░....░.░
░.░......░
░.░...░░░░ ....░
░░░[.░


You could see 3 gnolls.

Vanquished Creatures
  A bat (D:1)
  4 endoplasms (D:1)
  A giant cockroach (D:1)
  3 hobgoblins (D:1)
  A quokka (D:1)
  A ball python (D:1)
  A frilled lizard (D:2)
  A goblin (D:1)
  3 kobolds (D:1)
  A rat (D:1)
17 creatures vanquished.

Notes
Turn   | Place    | Note
-------+----------+-------------------------------------------
     0 | D:1      | utis the Tengu Wanderer began the quest for the Orb.
     0 | D:1      | utis set off with the following items: a +0 shortbow, 12
                  | poisoned darts, a +0 dagger, a scroll of silence {!r}, a +0
                  | robe; and the following spell memorised: Kiss of Death; and
                  | the following spells available to memorise: Dazzling Flash.
     0 | D:1      | Reached XP level 1. HP: 10/10 MP: 3/3
   156 | D:1      | Reached XP level 2. HP: 16/16 MP: 4/4
   756 | D:2      | Slain by a gnoll

Illustrated notes

Levels and vault maps discovered:
D:1:      giann_bridges, layout_loops_ring
D:2:      layout_basic, minmay_tromino_v4_b, uniq_crazy_yiuf_cottage,
          uniq_robin, uniq_terence

Action                     || total
---------------------------++-------
   Fire: Shortbow          ||    43
 Armour: Robe              ||     3
  Dodge: Dodged            ||     6

Table legend: (Time is in decaauts)
 A = Elapsed time spent in this place.
 B = Non-inter-level travel time spent in this place.
 C = Inter-level travel time spent in this place.
 D = Time resting spent in this place.
 E = Time spent auto-exploring this place.
 F = Levels seen in this place.
 G = Mean time per level.
                   A        B        C        D        E       F      G
               +--------+--------+--------+--------+--------+-----+--------+
         Total |    765 |    754 |     11 |     27 |    611 |   2 |  382.5 |
       Dungeon |    765 |    754 |     11 |     27 |    611 |   2 |  382.5 |
               +--------+--------+--------+--------+--------+-----+--------+

Top non-repeatable levels by time:
     D:1: 743 daAuts
     D:2: 21 daAuts
